 Dungeon Crawl Stone Soup version 0.28-a0-662-g1651b1f1e0 (webtiles) character file.

Game seed: 14636581288444772462

184 kae the Insei (level 5, -1/63 HPs)
             Began as a Draconian Transmuter on Oct 14, 2021.
             Slain by Grinder (2 damage)
             ... on level 2 of the Dungeon.
             The game lasted 00:02:34 (2906 turns).

kae the Insei (Draconian Transmuter)                Turns: 2906, Time: 00:02:35

Health: -1/63      AC: 22    Str: 12    XL:     5   Next: 36%
Magic:  8/8        EV:  2    Int: 14    God:
Gold:   104        SH:  0    Dex: 12    Spells: 4/8 levels left

rFire   . . .      SeeInvis .     - Unarmed
rCold   . . .      Faith    .   (no shield)
rNeg    . . .      Spirit   .   (armour unavailable)
rPois   +          Reflect  .   (helmet currently unavailable)
rElec   .          Harm     .   (cloak currently unavailable)
rCorr   +          Rampage  .   (gloves currently unavailable)
Will    .....      NoTele   +   (boots currently unavailable)
Stlth   +.........              (no amulet)
HPRegen 0.20/turn               a - ring of resist corrosion
MPRegen 0.11/turn               (no ring)

@: tree-form
A: stationary, stasis, torment immunity, boosted hp, AC +5, unfitting armour,
(cold-blooded)
a: no special abilities


You were on level 2 of the Dungeon.
You were a tree.
You visited 1 branch of the dungeon, and saw 3 of its levels.

You collected 104 gold pieces.

Inventory:

Missiles
 h - a throwing net
Jewellery
 a - a ring of resist corrosion (left branch)
Wands
 g - a wand of polymorph (7)
Scrolls
 f - a scroll of teleportation
Potions
 b - 2 potions of curing
 d - a potion of degeneration {unknown}
 e - 2 potions of ambrosia
 i - a potion of haste


   Skills:
 + Level 2.7 Fighting
 - Level 1.7 Dodging
 * Level 4.5 Unarmed Combat
 - Level 2.0 Spellcasting
 + Level 3.0 Transmutations
 - Level 2.0 Poison Magic


You had 4 spell levels left.
You knew the following spells:

 Your Spells              Type           Power      Damage    Failure   Level
a - Beastly Appendage     Tmut           18%        N/A       7%          1
b - Spider Form           Tmut/Pois      4%         N/A       26%         3

Your spell library contained the following spells:

 Spells                   Type           Power      Damage    Failure   Level
 Wereblood                Tmut           9%         N/A       11%         2
 Ensorcelled Hibernation  Hex/Ice        2%         N/A       34%         2
 Tukima's Dance           Hex            1%         N/A       56%         3
 Ice Form                 Ice/Tmut       5%         N/A       77%         4


Dungeon Overview and Level Annotations

Branches:
Dungeon (3/15)

Altars:
Trog

Annotations:
D:2 Grinder


Innate Abilities, Weirdness & Mutations

You are a tree.
Your roots penetrate the ground, keeping you stationary.
You cannot be teleported.
You are immune to unholy pain and torment.
Your maximum health is greatly increased.
Your equipment is partially melded.
((Your plain brown scales are hard. (AC +5)))
You cannot fit into any form of body armour.
((You are cold-blooded and may be slowed by cold attacks.))


Message History

You feel better. Grinder gestures at you.
You barely resist. You closely miss Grinder.
Grinder is moderately wounded.
Grinder closely misses you.
You hit Grinder but do no damage.
Grinder is moderately wounded.
Grinder gestures at you.
You barely resist. You hit Grinder but do no damage.
Grinder is moderately wounded.
Grinder says, "Just stop there for a second..."
Grinder completely misses you.
You closely miss Grinder.
Grinder is moderately wounded.
Grinder hits you but does no damage.
You closely miss Grinder.
Your tail-slap misses Grinder.
Grinder is moderately wounded.
Grinder hits you.
* * * LOW HITPOINT WARNING * * *
You writhe in agony.
* * * LOW HITPOINT WARNING * * *
You feel better. Grinder hits you.
You writhe in agony.
* * * LOW HITPOINT WARNING * * *
Really quaff the potion of lignification?
You turn into a tree.
Your roots penetrate the ground.
Grinder hits you but does no damage.
You smack Grinder!
Grinder is heavily wounded.
Grinder hits you!
* * * LOW HITPOINT WARNING * * *
You writhe in agony.
* * * LOW HITPOINT WARNING * * *
You hit Grinder. Your punch misses Grinder.
Grinder is heavily wounded.
Grinder hits you.
* * * LOW HITPOINT WARNING * * *
You writhe in agony.
You die...

...............#..#.# #.#.#####.#
...............#....###.#.......#
...........[...#........#########
.#'#'###'##(.......####.#
.#.#.#...##.......(..<..#
.#.#..........####.##.#.#
.#.#<#.####.#.........#.#
................5.......#
................♣#......#
...#......#......#####.##
#..###..#####.####..##.#
#...##..#..####..'..##.#
#.......#....†...#..##.#
#.......#........#..##.#
#.......#..#'##..#...#.#
#.##'#######..####...#.#
#.##.######8..#..'..##.#


You could see Grinder.

Vanquished Creatures
  A centaur skeleton (D:2)
  Terence (D:2)
  An iguana (D:3)
  5 adders
  4 dart slugs
  3 endoplasms
  2 giant cockroaches
  4 goblins
  13 hobgoblins
  3 kobolds (D:2)
  5 ball pythons
  4 bats
  3 frilled lizards
  2 rats (D:1)
51 creatures vanquished.

Vanquished Creatures (others)
  A plant (D:1)
1 creature vanquished.

Grand Total: 52 creatures vanquished

Notes
Turn   | Place    | Note
-------+----------+-------------------------------------------
     0 | D:1      | kae the Draconian Transmuter began the quest for the Orb.
     0 | D:1      | Reached XP level 1. HP: 16/16 MP: 3/3
    92 | D:1      | Reached XP level 2. HP: 12/23 MP: 5/5
   435 | D:1      | Found a faded altar of an unknown god.
   869 | D:2      | Reached XP level 3. HP: 27/29 MP: 4/6
   877 | D:2      | Learned a level 3 spell: Spider Form
   895 | D:2      | Noticed Terence
   903 | D:2      | Killed Terence
  1016 | D:2      | Reached skill level 4 in Unarmed Combat
  1016 | D:2      | Reached skill level 1 in Poison Magic
  1016 | D:2      | Reached XP level 4. HP: 33/36 MP: 5/7
  1697 | D:2      | Found a bloodstained altar of Trog.
  2283 | D:2      | Reached XP level 5. HP: 37/42 MP: 6/8
  2437 | D:3      | Noticed Grinder
  2885 | D:3      | Paralysed by Grinder for 6 turns
  2905 | D:2      | HP: 3/63 [Grinder (5)]
  2906 | D:2      | HP: 1/63 [Grinder (2)]
  2906 | D:2      | Slain by Grinder

Illustrated notes

Levels and vault maps discovered:
D:1:      arrival_zaba_pyramid, layout_basic,
          dreamdust_ecumenical_altar_angels_and_demons, serial_forest,
          infiniplex_forest_lined_room_2, infiniplex_forest_end_3,
          infiniplex_forest_clump_small, infiniplex_forest_clump_curved,
          infiniplex_forest_end_1, infiniplex_forest_lined_room_,
          infiniplex_forest_clump_diagonal, minmay_cupped
D:2:      minmay_chambers_of_twos, layout_basic, basic_altar, uniq_terence
D:3:      layout_loops_cross, mainiacjoe_overflow_alcove_4, uniq_grinder

Skill      XL: |  1  2  3  4  5 |
---------------+----------------+-----
Fighting       | 2 |  2.7
Unarmed Combat | 4 |  4.5
Poison Magic   | 1 2 |  2.0
Transmutations | 3 |  3.0
Dodging        | |  1.7
Spellcasting   | |  2.0

Action                   |  1- 3 |  4- 6 || total
-------------------------+-------+-------++-------
Melee: Unarmed           |    66 |   107 ||   173
       Kick              |     9 |    17 ||    26
       Headbutt          |     6 |    12 ||    18
       Tailslap          |     8 |     9 ||    17
 Cast: Beastly Appendage |    12 |    17 ||    29
       Spider Form       |     1 |     1 ||     2
  Use: Scroll            |     1 |     6 ||     7
       Potion            |       |     3 ||     3
 Stab: Sleeping          |       |     1 ||     1
Armor: Skin              |    20 |    24 ||    44
Dodge: Dodged            |    42 |    65 ||   107

Table legend: (Time is in decaauts)
 A = Elapsed time spent in this place.
 B = Non-inter-level travel time spent in this place.
 C = Inter-level travel time spent in this place.
 D = Time resting spent in this place.
 E = Time spent auto-exploring this place.
 F = Levels seen in this place.
 G = Mean time per level.
                   A        B        C        D        E       F      G
               +--------+--------+--------+--------+--------+-----+--------+
         Total |   2894 |   2812 |     82 |    346 |   1976 |   3 |  964.7 |
       Dungeon |   2894 |   2812 |     82 |    346 |   1976 |   3 |  964.7 |
               +--------+--------+--------+--------+--------+-----+--------+

Top non-repeatable levels by time:
     D:2: 1791 daAuts
     D:1: 825 daAuts
     D:3: 278 daAuts
